 Dungeon Crawl Stone Soup version 0.19.0 (webtiles) character file.

419 PhynixH2O the Slasher (level 6, -3/57 HPs)
             Began as a Hill Orc Fighter on Nov 2, 2016.
             Slain by a centaur (8 damage)
             ... on level 5 of the Dungeon.
             The game lasted 00:13:10 (2825 turns).

PhynixH2O the Slasher (Hill Orc Fighter)            Turns: 2825, Time: 00:13:11

Health: -3/57      AC:  7    Str: 20    XL:     6   Next: 93%
Magic:  6/6        EV:  7    Int: 12    God:
Gold:   167        SH:  9    Dex: 11    Spells: 0 memorised, 5 levels left

rFire  . . .     SeeInvis .     a - +2 long sword
rCold  . . .     Gourm    .     b - +1 scale mail
rNeg   . . .     Faith    .     c - +0 shield
rPois  .         Spirit   .     (no helmet)
rElec  .         Reflect  .     (no cloak)
rCorr  .         Harm     .     (no gloves)
MR     .....                    (no boots)
Stlth  ..........               n - amulet of magic regeneration
                                (no ring)
                                o - +4 ring of intelligence

@: no status effects
A: no striking features
a: no special abilities


You were on level 5 of the Dungeon.
You were not hungry.

You visited 1 branch of the dungeon, and saw 5 of its levels.

You collected 167 gold pieces.

Inventory:

Hand Weapons
 a - a +2 long sword (weapon)
Armour
 b - a +1 scale mail (worn)
 c - a +0 shield (worn)
Jewellery
 n - an amulet of magic regeneration (around neck)
 o - a +4 ring of intelligence (left hand)
Scrolls
 e - 2 scrolls of enchant armour
 g - 2 scrolls of immolation
 i - 2 scrolls of amnesia
 m - 2 scrolls of identify
 s - 4 scrolls of remove curse
Potions
 j - a potion of flight
 l - a potion of brilliance
 p - a potion of lignification {unknown}
Comestibles
 d - 7 chunks of flesh
 f - 2 bread rations
 h - 3 meat rations
 u - a slice of pizza


   Skills:
 + Level 5.9 Fighting
 - Level 6.5 Long Blades
 - Level 3.2 Armour
 * Level 3.5 Shields


You had 5 spell levels left.
You didn't know any spells.

Dungeon Overview and Level Annotations

Branches:
Dungeon (5/15)
 Temple: D:4-7

Altars:


Message History

You feel better. You block the centaur's attack.
The frilled lizard bites you but does no damage.
The centaur hits you but does no damage.
You feel better. The centaur hits you.
* * * LOW HITPOINT WARNING * * *
The frilled lizard bites you.
* * * LOW HITPOINT WARNING * * *
Your shield prevents you from hitting the centaur.
The centaur hits you but does no damage.
The frilled lizard bites you.
* * * LOW HITPOINT WARNING * * *
The centaur hits you.
* * * LOW HITPOINT WARNING * * *
You slash the centaur!
The centaur is heavily wounded.
The centaur hits you.
* * * LOW HITPOINT WARNING * * *
The frilled lizard bites you but does no damage.
The centaur hits you!
You die...

........#
........#
........#
.......)#
........#
........#
.......c#
......l@#
#########


You could see a centaur and a frilled lizard.

Vanquished Creatures
  The ghost of lube99 the Covert, an amateur SpAs (D:3)
  A phantom (D:4)
  A hound (D:4)
  2 worker ants (D:4)
  2 adders (D:2)
  2 worms (D:2)
  3 dart slugs
  A leopard gecko (D:1)
  An orc (D:4)
  A ball python (D:4)
  3 giant cockroaches
  8 goblins
  7 hobgoblins
  6 jackals (D:3)
  6 kobolds
  2 quokkas
  6 bats
  8 frilled lizards
  10 rats
71 creatures vanquished.

Notes
Turn   | Place    | Note
-------+----------+-------------------------------------------
     0 | D:1      | PhynixH2O the Hill Orc Fighter began the quest for the Orb.
     0 | D:1      | Reached XP level 1. HP: 19/19 MP: 1/1
    91 | D:1      | Reached XP level 2. HP: 20/27 MP: 2/2
   164 | D:1      | Reached skill level 3 in Long Blades
   416 | D:1      | Reached XP level 3. HP: 29/33 MP: 3/3
  1278 | D:2      | Reached XP level 4. HP: 40/41 MP: 4/4
  1389 | D:2      | Reached skill level 4 in Long Blades
  2156 | D:3      | Noticed lube99's ghost (amateur SpAs)
  2200 | D:3      | Killed lube99's ghost
  2200 | D:3      | Reached skill level 5 in Fighting
  2200 | D:3      | Reached skill level 5 in Long Blades
  2200 | D:3      | Reached XP level 5. HP: 21/48 MP: 5/5
  2200 | D:3      | Reached XP level 6. HP: 25/56 MP: 6/6
  2640 | D:4      | Noticed a phantom
  2664 | D:4      | Reached skill level 6 in Long Blades
  2702 | D:4      | Killed a phantom
  2821 | D:5      | Entered Level 5 of the Dungeon
  2825 | D:5      | Slain by a centaur

Skill      XL: |  1  2  3  4  5  6 |
---------------+-------------------+-----
Long Blades    | 3 5 6 |  6.5
Fighting       | 4 5 |  5.9
Armour         | |  3.2
Shields        | |  3.5

Action                   |  1- 3 |  4- 6 || total
-------------------------+-------+-------++-------
Melee: Long sword        |   133 |   199 ||   332
  Use: Scroll            |       |     9 ||     9
       Potion            |       |     9 ||     9
  Eat: Chunk             |     1 |     6 ||     7
Armor: Scale mail        |    48 |    97 ||   145
Dodge: Dodged            |    27 |    57 ||    84
Block: Shield            |    64 |    94 ||   158
       Rpst.: Long sword |     5 |    17 ||    22
